Cogmind - Beta 14 @@@ ROGUE MODE // 2024.12.05 @ 10:01:56 Player: Jammed Result: Self-destructed Performance ------------- Evolutions (5) 2500 Regions Visited (13) 2600 Robots Destroyed (234) 1170 Value Destroyed (7346) 7346 Prototype IDs (26) 520 Alien Tech Used (0) 0 Bonus (1445) 1445 TOTAL SCORE: 15581 Bonus ------- High Alert Combat Kills 1125 Follower Combat Kills 20 Met Data Miner 300 Cogmind --------- Core Integrity 910/1000 Matter 203/300 Energy 53/100 System Corruption 0% Temperature Cool (9) Movement Core (350) Ox6 Location -5/Factory Parts ------- > --- POWER (2) -------- (None) > --- PROPULSION (5) --- (None) > --- UTILITY (7) ------ Large Storage Unit Enhanced Optical Array Core Analyzer Makeshift Hacking Suite System Shield > --- WEAPON (3) ------- (None) > --- INVENTORY (15) --- Improved Cryofiber Web Advanced Heat Sink Machine Analyzer Advanced Terrain Scan Processor Improved Particle Charger Transmission Jammer Phase Shifter Light Regenerative Plating Improved Focal Shield Improved Focal Shield Proton Cannon Phase Cannon Heavy Plasma Cannon Compact Ion Cannon Hypervelocity Gauss Cannon Peak State ------------ > --- POWER ------------ Light Angular Momentum Engine Neutrino Core > --- PROPULSION ------- Improved Carbon-fiber Leg Improved Carbon-fiber Leg Flexi-carbon Leg Armored Leg > --- UTILITY ---------- Large Storage Unit Enhanced Optical Array Improved Sensor Array Core Analyzer Transmission Jammer Reaction Control System Light Regenerative Plating > --- WEAPON ----------- Molecular Deconstructor > --- INVENTORY -------- Carbon-fiber Leg Carbon-fiber Leg Improved Cryofiber Web Advanced Heat Sink Machine Analyzer Advanced Terrain Scan Processor Improved Particle Charger Improved Focal Shield Improved Focal Shield Proton Cannon Phase Cannon Compact Ion Cannon Missile Launcher [Rating: 78] Favorites ----------- Power Light Nuclear Core Engine Light Ion Engine Power Core Light Nuclear Core Reactor Cold Fusion Reactor Propulsion Improved Carbon-fiber Leg Leg Improved Carbon-fiber Leg Utility Medium Storage Unit Device Improved Sensor Array Storage Medium Storage Unit Processor Core Analyzer Hackware Improved System Shield Protection Light Regenerative Plating Weapon Beam Cannon Energy Gun Improved Spread Laser Energy Cannon Beam Cannon Ballistic Cannon Hypervelocity Gauss Cannon Launcher Heavy Rocket Launcher Special Weapon Molecular Deconstructor Build | -11 -10 -10 -10 -9 -8 -7 -7 -6 -6 -6 -6 -5 -5 ------- Run | Yrd Mat Min Exi Min Mat Fac Sto Fac Low Low Dat Pro Fac Slots Evolved 10 | . . . . . 4 2 . 2 . . . . 2 Power 1 | . . . . . . 1 . . . . . . . Propulsion 3 | . . . . . 1 1 . . . . . . 1 Utility 5 | . . . . . 3 . . 2 . . . . . Weapon 1 | . . . . . . . . . . . . . 1 Parts Attached 276 | 2 10 11 1 . 55 60 65 31 3 15 . 18 5 Power 28 | . 1 4 . . 4 8 6 4 . 1 . . . Engine 14 | . 1 4 . . 1 2 4 2 . . . . . Core 12 | . . . . . 3 6 2 . . 1 . . . Reactor 2 | . . . . . . . . 2 . . . . . Propulsion 51 | . 3 1 . . 8 10 11 10 1 4 . 3 . Treads . | . . . . . . . . . . . . . . Leg 51 | . 3 1 . . 8 10 11 10 1 4 . 3 . Wheel . | . . . . . . . . . . . . . . Hover . | . . . . . . . . . . . . . . Flight . | . . . . . . . . . . . . . . Utility 100 | 2 2 6 1 . 25 15 27 8 2 2 . 8 2 Device 72 | 2 1 6 . . 17 9 24 4 2 2 . 5 . Storage 3 | . 1 . 1 . . . . 1 . . . . . Processor 7 | . . . . . 2 2 . 1 . . . 2 . Hackware 3 | . . . . . . . . 1 . . . . 2 Protection 15 | . . . . . 6 4 3 1 . . . 1 . Artifact . | . . . . . . . . . . . . . . Weapon 97 | . 4 . . . 18 27 21 9 . 8 . 7 3 Energy Gun 12 | . . . . . 1 1 8 2 . . . . . Energy Cannon 62 | . 4 . . . 13 19 10 6 . 4 . 5 1 Ballistic Gun . | . . . . . . . . . . . . . . Ballistic Cannon 3 | . . . . . . . 1 . . . . 2 . Launcher 18 | . . . . . 4 7 2 1 . 2 . . 2 Special Weapon 2 | . . . . . . . . . . 2 . . . Impact Weapon . | . . . . . . . . . . . . . . Slashing Weapon . | . . . . . . . . . . . . . . Piercing Weapon . | . . . . . . . . . . . . . . Special Melee Weapon . | . . . . . . . . . . . . . . Unidentified Prototypes 16 | . . . . . 1 2 9 3 . 1 . . . Parts Lost 32 | . 1 1 . . 7 1 3 4 . . . 9 6 Power 5 | . 1 1 . . . . . 1 . . . 2 . Propulsion 11 | . . . . . 3 1 . . . . . 3 4 Utility 10 | . . . . . 3 . 1 3 . . . 2 1 Weapon 6 | . . . . . 1 . 2 . . . . 2 1 Highest Loss Streak 6 | . 1 1 . . 2 1 1 1 . . . 6 6 To Critical Strikes 1 | . . . . . . . . . . . . 1 . Average Slot Usage (%) 96 | . 99 99 100 100 95 98 99 97 100 99 100 79 69 Engine 6 | . 13 13 14 14 6 . 7 5 6 6 6 1 . Core 4 | . . . . . 2 14 7 . . 5 6 1 . Leg 27 | . 28 28 28 28 26 28 30 25 26 26 26 25 22 Device 13 | . 14 14 14 14 16 7 9 14 20 20 20 15 6 Storage 8 | . 14 14 14 14 9 7 7 6 6 6 6 6 5 Processor 9 | . . . . . 8 15 13 11 13 13 13 11 11 Protection 5 | . . . . . 7 6 6 5 6 6 6 6 4 Energy Gun 1 | . 4 . . . . . 4 6 . . . . . Energy Cannon 15 | . 23 28 28 28 17 14 9 6 13 12 13 6 4 Peak Build Rating 78 | 9 8 8 8 10 37 47 55 76 74 78 72 73 60 Average Rating 41 | 6 7 7 8 8 30 43 50 68 72 72 72 57 53 On Entrance 37 | 6 7 8 8 8 10 33 47 50 71 74 72 72 58 Naked Turns . | . . . . . . . . . . . . . . Heaviest Build 71 | 14 20 20 20 20 51 49 53 71 66 68 68 68 34 Greatest Support 72 | 20 20 20 20 20 50 71 70 72 72 72 72 72 35 Greatest Overweight (x) 2 | . 1 . . . 2 1 1 1 . 1 . 2 . Average Overweight (x) . | . . . . . . . . . . . . . . Largest Inventory Capacity 15 | 8 10 10 10 10 10 10 10 15 15 15 15 15 15 Average Capacity 11 | 8 8 10 10 10 10 10 10 11 15 15 15 15 15 Most Carried 15 | 7 10 10 10 10 10 10 10 15 15 15 15 15 15 Average Carried 10 | 6 8 9 10 9 9 9 9 10 13 14 15 14 14 Final Capacity 15 | 8 10 10 10 10 10 10 10 15 15 15 15 15 15 Final Carried 15 | 7 10 10 10 10 10 10 10 15 15 15 15 15 15 Class Distribution -------------------- 63% | Mutant 36% | Scavenger-Mutant Dominant Class ---------------- Mutant | -10/Materials Mutant | -10/Mines Mutant | -10/Exiles Mutant | -9/Mines Mutant | -8/Materials Mutant | -7/Factory Mutant | -7/Storage Mutant | -6/Factory Scavenger-Mutant | -6/Lower Caves Scavenger-Mutant | -6/Lower Caves Scavenger-Mutant | -6/Data Miner Scavenger-Mutant | -5/Proximity Caves Scavenger-Mutant | -5/Factory Resources | -11 -10 -10 -10 -9 -8 -7 -7 -6 -6 -6 -6 -5 -5 ----------- Run | Yrd Mat Min Exi Min Mat Fac Sto Fac Low Low Dat Pro Fac Matter Collected 3795 | 220 293 119 . 49 650 742 816 290 31 155 . 430 . Remotely . | . . . . . . . . . . . . . . Salvage Created 8836 | 130 583 469 . . 1907 1564 2296 1182 . 162 . 493 50 Parts 472 | 10 38 20 . . 118 99 105 48 . 9 . 21 4 Haulers Intercepted 16 | . 2 . . . 2 5 6 1 . . . . . Recyclers Shooed 2 | . . . . . 2 . . . . . . . . Parts Field Recycled . | . . . . . . . . . . . . . . Retrieved Matter . | . . . . . . . . . . . . . . Parts Self-Destructed 29 | . . . . . . . . . 4 7 . 18 . Prevented 2 | . . . . . . . . . . . . 2 . Kills | -11 -10 -10 -10 -9 -8 -7 -7 -6 -6 -6 -6 -5 -5 ------- Run | Yrd Mat Min Exi Min Mat Fac Sto Fac Low Low Dat Pro Fac Combat Hostiles Destroyed 155 | . 10 7 . . 43 24 41 15 . 5 . 9 1 Guns 19 | . 2 . . . . . 9 8 . . . . . Cannons 101 | . 7 7 . . 32 12 24 7 . 3 . 9 . AOE 32 | . . . . . 11 11 7 . . 2 . . 1 Classes Destroyed 17 | 2 6 . . . 6 3 . . . . . . . Worker 17 | . 3 1 . . 3 4 5 1 . . . . . Builder 6 | . . . . . 2 2 1 1 . . . . . Tunneler 4 | 4 . . . . . . . . . . . . . Hauler 16 | . 2 . . . 2 5 6 1 . . . . . Recycler 15 | 1 1 3 . . 2 3 2 3 . . . . . Mechanic 3 | . 1 . . . . 1 1 . . . . . . Operator 2 | . . . . . 1 . . . . . . . 1 Watcher 16 | . 3 . . . 3 6 2 2 . . . . . Swarmer 43 | . 6 3 . . 13 7 8 3 . 3 . . . Grunt 71 | . 4 4 . . 20 9 19 6 . 2 . 6 1 Brawler 3 | . . . . . 1 . 1 . . . . 1 . Duelist 2 | . . . . . 1 1 . . . . . . . Sentry 21 | . . . . . 7 1 9 4 . . . . . Specialist 1 | . . . . . . 1 . . . . . . . Hunter 3 | . . . . . . 1 . 1 . . . 1 . Programmer 10 | . . . . . . 4 4 1 . . . 1 . Heavy 1 | . . . . . 1 . . . . . . . . Best Kill Streak 15 | 2 3 5 . . 15 6 12 6 . 3 . 2 1 Combat Bots Only 10 | . 2 3 . . 8 4 10 4 . 3 . 2 1 Max Kills in Single Turn 4 | 1 1 2 . . 4 3 4 2 . 2 . 1 1 Gunslinging . | . . . . . . . . . . . . . . Exploded 3 | . . . . . 3 2 3 . . 2 . . 1 Melee . | . . . . . . . . . . . . . . Uniques/NPCs Destroyed . | . . . . . . . . . . . . . . Combat | -11 -10 -10 -10 -9 -8 -7 -7 -6 -6 -6 -6 -5 -5 -------- Run | Yrd Mat Min Exi Min Mat Fac Sto Fac Low Low Dat Pro Fac Hostile Shots Fired 1010 | . 62 30 . . 159 85 309 224 2 5 . 101 33 Missed 345 | . 20 4 . . 51 32 110 91 1 2 . 24 10 Damage Taken 8520 | . 372 280 . 30 1584 775 2209 1174 14 48 . 1408 626 Core 962 | . 65 46 . 15 161 143 165 114 . . . 163 90 Absorbed by Shields 740 | . . . . . 244 . 33 463 . . . . . Redirected to Shielding 4 | . . . . . 4 . . . . . . . . Ignored by Resistances 37 | . . . . . 37 . . . . . . . . Regen/Repaired (Parts) 729 | . 67 . . . . 14 345 171 6 . . 126 . Core Remaining (%) 68 | 100 . . . 49 70 . 56 . . . . 67 . Volleys Fired 548 | 11 55 22 . . 110 78 125 80 . 10 . 48 9 Largest 2 | 2 2 2 . . 2 2 2 2 . 2 . 2 1 Hottest 175 | 90 120 120 . . 150 150 165 175 . 175 . 175 75 Shots Fired 930 | 22 105 45 1 . 204 129 201 129 . 14 . 71 9 Gun 169 | 22 24 . . . . . 66 57 . . . . . Cannon 729 | . 81 45 1 . 195 118 131 72 . 11 . 71 4 Launcher 30 | . . . . . 9 11 4 . . 1 . . 5 Special 2 | . . . . . . . . . . 2 . . . Kinetic 30 | . . . . . . . 3 . . . . 27 . Thermal 826 | 22 105 45 1 . 195 104 181 127 . 11 . 35 . Explosive 30 | . . . . . 9 11 4 . . 1 . . 5 Electromagnetic 42 | . . . . . . 14 13 2 . . . 9 4 Robot Hit Streak 17 | 7 8 10 . . 17 15 11 13 . 10 . 11 10 Robot Miss Streak 12 | 1 5 4 . . 4 4 4 12 . . . 2 . Penetration Max . | . . . . . . . . . . . . . . Secondary Targets 2 | . . . . . . . . 2 . . . . . Max Gunslinging Chain 1 | . . . . . . . . 1 . . . . . Shots Hit Robots 592 | 18 57 23 . . 138 82 134 90 . 7 . 35 8 Core Hits 472 | 6 24 11 . . 84 62 158 93 . 7 . 18 9 Critical Kills 9 | . 1 1 . . . 1 1 . . . . 5 . Critical Parts Destroyed 5 | . . . . . . . . . . . . 5 . Critical Strikes 15 | . 1 1 . . . 2 1 . . . . 10 . Meltdown 4 | . 1 1 . . . 1 1 . . . . . . Destroy 10 | . . . . . . . . . . . . 10 . Corrupt 1 | . . . . . . 1 . . . . . . . Melee Attacks . | . . . . . . . . . . . . . . Impact . | . . . . . . . . . . . . . . Slashing . | . . . . . . . . . . . . . . Piercing . | . . . . . . . . . . . . . . Sneak Attacks . | . . . . . . . . . . . . . . Combat Hostiles . | . . . . . . . . . . . . . . Follow-up Attacks . | . . . . . . . . . . . . . . Damage Inflicted 19793 | 223 929 463 . . 5079 3757 5321 2276 . 398 . 958 389 Guns 2917 | 223 196 . . . . . 1451 1047 . . . . . Cannons 12566 | . 717 406 . . 3547 2225 3218 1193 . 221 . 958 81 Explosions 4249 | . . 57 . . 1532 1532 643 . . 177 . . 308 Melee . | . . . . . . . . . . . . . . Ramming 61 | . 16 . . . . . 9 36 . . . . . Kinetic 242 | . . . . . . . . . . . . 242 . Thermal 14511 | 223 913 463 . . 3547 2009 4350 2204 . 221 . 581 . Explosive 4022 | . . . . . 1532 1362 643 . . 177 . . 308 Electromagnetic 957 | . . . . . . 386 319 36 . . . 135 81 Impact . | . . . . . . . . . . . . . . Slashing . | . . . . . . . . . . . . . . Piercing . | . . . . . . . . . . . . . . Highest Corruption 8 | . 2 2 2 2 . 2 4 . . . . 8 . Average Corruption 2 | . 1 2 2 2 . 1 2 . . . . 4 . Corruption Purged 2 | . . . . . . 2 . . . . . . . Corruption Blocked . | . . . . . . . . . . . . . . Effects 101 | . 8 12 6 4 . 12 30 . . . . 29 . Message Errors 25 | . 3 2 . 1 . 3 7 . . . . 9 . Matter Fused 28 | . 2 4 2 1 . 3 9 . . . . 7 . Heat Flow Errors 7 | . . 1 . . . 1 1 . . . . 4 . Energy Discharges 14 | . 2 1 1 1 . 2 4 . . . . 3 . Parts Rejected 1 | . . . . . . . 1 . . . . . . Parts Fused 1 | . . . . . . 1 . . . . . . . Data Loss (minor) 16 | . 1 2 2 1 . . 6 . . . . 4 . Data Loss (major) 2 | . . . . . . 1 . . . . . 1 . Misfires 4 | . . 1 1 . . 1 . . . . . 1 . Alerts 2 | . . 1 . . . . 1 . . . . . . Weapon Failures 1 | . . . . . . . 1 . . . . . . Overload Shots 56 | . . . . . . . 56 . . . . . . Effects 2 | . . . . . . . 2 . . . . . . Energy Bleed 2 | . . . . . . . 2 . . . . . . Overflow Damage 576 | . 6 . . . 127 216 91 41 . 5 . 60 30 Projectiles 335 | . 6 . . . 43 95 85 41 . 5 . 60 . Explosions 241 | . . . . . 84 121 6 . . . . . 30 Melee . | . . . . . . . . . . . . . . Knockbacks 2 | . . . . . . . . . . . . 2 . Impact . | . . . . . . . . . . . . . . Kinetic 2 | . . . . . . . . . . . . 2 . Secondary . | . . . . . . . . . . . . . . Self-Inflicted Damage 331 | . . . . . 31 40 74 47 . . . . 139 Shots 11 | . . . . . 1 2 2 2 . . . . 4 Rammed . | . . . . . . . . . . . . . . Targets Rammed 9 | . 6 . . . . . 1 2 . . . . . Kicked 9 | . 6 . . . . . 1 2 . . . . . Crushed . | . . . . . . . . . . . . . . Highest Temperature 485 | 180 360 240 24 . 315 300 407 360 . 255 . 485 6 Average Temperature 94 | 69 85 116 14 . 81 80 100 95 . 83 . 154 5 Received Heat Transfer 2408 | . 63 153 . . 502 129 741 418 . 9 . 258 135 Effects 19 | . 3 . . . 2 4 5 1 . . . 4 . Shutdowns 5 | . . . . . . . 1 . . . . 4 . Energy Bleed 5 | . 1 . . . . 1 2 1 . . . . . Interference 9 | . 2 . . . 2 3 2 . . . . . . Siege Activations . | . . . . . . . . . . . . . . Robots Corrupted 1 | . . . . . . 1 . . . . . . . Combat Hostiles . | . . . . . . . . . . . . . . Parts Fried 13 | . . . . . . 6 5 . . . . 2 . Impact Corruptions . | . . . . . . . . . . . . . . Robots Melted 4 | . 1 1 . . . 1 1 . . . . . . Combat Hostiles 3 | . 1 . . . . 1 1 . . . . . . Parts Melted 35 | 1 3 1 . . 5 9 12 2 . 1 . 1 . Heat Transferred 18910 | 583 2026 901 . . 5217 2592 4116 2457 . 311 . 707 . Parts Sabotaged . | . . . . . . . . . . . . . . Parts Stolen . | . . . . . . . . . . . . . . Parts Stripped . | . . . . . . . . . . . . . . Power Chain Reactions 2 | . . . . . . 1 . 1 . . . . . Alert | -11 -10 -10 -10 -9 -8 -7 -7 -6 -6 -6 -6 -5 -5 ------- Run | Yrd Mat Min Exi Min Mat Fac Sto Fac Low Low Dat Pro Fac Peak Influence 1145 | 25 179 236 . . 793 592 1145 599 . . . . 87 Initial 446 | . 16 8 . . . 224 269 446 . . . . . Average 317 | 16 62 79 . . 244 322 737 446 . . . . 44 Maximum Alert Level 4 | . . 1 . . 3 2 4 2 . . . . . Low Security (%) 44 | 100 100 79 . 100 54 28 . . . . . . 100 Level 1 20 | . . 20 . . 25 38 12 21 . . . . . Level 2 25 | . . . . . 19 32 32 78 . . . . . Level 3 9 | . . . . . 1 . 50 . . . . . . Level 4 . | . . . . . . . 4 . . . . . . Level 5 . | . . . . . . . . . . . . . . High Security . | . . . . . . . . . . . . . . Max Security . | . . . . . . . . . . . . . . Squads Dispatched 38 | . . . . . 7 12 12 6 . . . . 1 Investigation 6 | . . . . . 1 1 2 2 . . . . . Extermination 9 | . . . . . . 4 4 1 . . . . . Reinforcement 18 | . . . . . 4 7 4 2 . . . . 1 Assault 3 | . . . . . 1 . 2 . . . . . . Garrison 2 | . . . . . 1 . . 1 . . . . . Intercept . | . . . . . . . . . . . . . . Searches Triggered . | . . . . . . . . . . . . . . Construction Impeded 2 | . . . . . 1 1 . . . . . . . Haulers Reinforced 4 | . . . . . . 1 2 1 . . . . . Active Scanning Responses . | . . . . . . . . . . . . . . Cargo Convoy Interrupts . | . . . . . . . . . . . . . . Stealth | -11 -10 -10 -10 -9 -8 -7 -7 -6 -6 -6 -6 -5 -5 --------- Run | Yrd Mat Min Exi Min Mat Fac Sto Fac Low Low Dat Pro Fac Distress Signals 5 | . . . . . 2 1 . 1 . . . . 1 Communications Jammed 4 | . . . . . . . 4 . . . . . . Distress Signals 4 | . . . . . . . 4 . . . . . . Times Spotted 240 | . 23 7 . . 59 40 57 26 4 3 . 15 6 Peak Tracking Total 6 | . 4 3 . . 6 5 6 5 4 1 . 3 4 Tactical Retreats 11 | . 2 . . . 2 2 2 . . . . 3 . Traps | -11 -10 -10 -10 -9 -8 -7 -7 -6 -6 -6 -6 -5 -5 ------- Run | Yrd Mat Min Exi Min Mat Fac Sto Fac Low Low Dat Pro Fac Traps Triggered 9 | . 3 . . . 1 1 1 3 . . . . . Indirectly 1 | . . . . . . . . 1 . . . . . Trap Hack Attempts . | . . . . . . . . . . . . . . Triggered . | . . . . . . . . . . . . . . Disarmed . | . . . . . . . . . . . . . . Reprogrammed . | . . . . . . . . . . . . . . Reused . | . . . . . . . . . . . . . . Traps Extracted . | . . . . . . . . . . . . . . Installed . | . . . . . . . . . . . . . . Triggered . | . . . . . . . . . . . . . . Machines | -11 -10 -10 -10 -9 -8 -7 -7 -6 -6 -6 -6 -5 -5 ---------- Run | Yrd Mat Min Exi Min Mat Fac Sto Fac Low Low Dat Pro Fac Machines Disabled 31 | . 2 4 . . 5 4 10 4 . 1 . . 1 Max in Single Turn 4 | . 1 4 . . 2 1 1 2 . 1 . . 1 Machines Repaired . | . . . . . . . . . . . . . . Machines Dismantled . | . . . . . . . . . . . . . . Machines Sabotaged . | . . . . . . . . . . . . . . Overloaded Fab Kills . | . . . . . . . . . . . . . . Hacking | -11 -10 -10 -10 -9 -8 -7 -7 -6 -6 -6 -6 -5 -5 --------- Run | Yrd Mat Min Exi Min Mat Fac Sto Fac Low Low Dat Pro Fac Machines Accessed 70 | . 9 . 4 1 11 12 15 7 4 2 4 . 1 Terminals 42 | . 8 . . . 8 7 11 6 . 1 . . 1 Fabricators 1 | . . . . . . 1 . . . . . . . Repair Stations 4 | . 1 . . . . 1 2 . . . . . . Recycling Units 7 | . . . . . 1 3 2 1 . . . . . Scanalyzers 1 | . . . . . 1 . . . . . . . . Garrison Access 1 | . . . . . 1 . . . . . . . . Total Hacks 191 | . 26 . 4 1 40 22 31 24 8 2 28 . 5 Successful 116 | . 15 . 4 1 24 11 13 8 8 2 28 . 2 Failed 74 | . 10 . . . 16 11 18 16 . . . . 3 Catastrophic 11 | . . . . . 1 3 3 4 . . . . . Database Lockouts 1 | . 1 . . . . . . . . . . . . Manual 59 | . 15 . . . 20 8 6 8 . 1 . . 1 Terminals 108 | . 24 . . . 24 14 21 19 . 1 . . 5 Fabricators 2 | . . . . . . 2 . . . . . . . Repair Stations 11 | . 2 . . . . 2 7 . . . . . . Recycling Units 20 | . . . . . 8 4 3 5 . . . . . Scanalyzers 6 | . . . . . 6 . . . . . . . . Garrison Access 2 | . . . . . 2 . . . . . . . . Terminal Hacks 72 | . 6 . 4 1 7 2 8 5 8 2 28 . 1 Record 21 | . . . 4 . . . . . 5 1 11 . . Part Schematic 10 | . . . . . . . . . . . 10 . . Robot Schematic 4 | . . . . . . . . . . . 4 . . Robot Analysis 4 | . 3 . . . 1 . . . . . . . . Prototype ID Bank 3 | . . . . . . . . . . . 3 . . Open Door 10 | . . . . 1 . . 5 . 3 1 . . . Alert Level 5 | . . . . . 2 1 . 2 . . . . . Unreport Threat 6 | . 1 . . . 2 . 2 1 . . . . . Locate Traps 4 | . 1 . . . 1 . 1 1 . . . . . Maintenance Status 1 | . . . . . . . . 1 . . . . . Hauler Manifests 3 | . . . . . 1 1 . . . . . . 1 Zone Layout 1 | . 1 . . . . . . . . . . . . Fabricator Hacks 1 | . . . . . . 1 . . . . . . . Network Status 1 | . . . . . . 1 . . . . . . . Repair Station Hacks 7 | . 2 . . . . 2 3 . . . . . . Scan Component 4 | . 1 . . . . 1 2 . . . . . . Repair 3 | . 1 . . . . 1 1 . . . . . . Recycling Unit Hacks 7 | . . . . . 2 3 1 1 . . . . . Report Inventory 5 | . . . . . 1 2 1 1 . . . . . Retrieve Components 2 | . . . . . 1 1 . . . . . . . Scanalyzer 5 | . . . . . 5 . . . . . . . . Insert Component 2 | . . . . . 2 . . . . . . . . Analyze 3 | . . . . . 3 . . . . . . . . Garrison Access Hacks . | . . . . . . . . . . . . . . Unauthorized Hacks 24 | . 7 . . . 10 3 1 2 . . . . 1 Terminals 21 | . 7 . . . 8 2 1 2 . . . . 1 Botnet 9 | . 1 . . . 2 2 1 2 . . . . 1 Detonate 1 | . 1 . . . . . . . . . . . . Skim 11 | . 5 . . . 6 . . . . . . . . Fabricators 1 | . . . . . . 1 . . . . . . . Haulers 1 | . . . . . . 1 . . . . . . . Repair Stations . | . . . . . . . . . . . . . . Recycling Units 2 | . . . . . 2 . . . . . . . . Recyclers 1 | . . . . . 1 . . . . . . . . Mask 1 | . . . . . 1 . . . . . . . . Scanalyzers . | . . . . . . . . . . . . . . Garrison Access . | . . . . . . . . . . . . . . Data Cores Recovered 2 | . . . . . 1 . . . . . . . 1 Used 2 | . . . . . 1 . . . . . . . 1 Hacking Detections 45 | . 7 . . . 9 9 12 7 . . . . 1 Full Trace Events 4 | . . . . . . 1 2 1 . . . . . Feedback Events . | . . . . . . . . . . . . . . Feedback Blocked . | . . . . . . . . . . . . . . Robot Schematics Acquired 4 | . . . . . . . . . . . 4 . . Robots Built . | . . . . . . . . . . . . . . Authchips . | . . . . . . . . . . . . . . Time . | . . . . . . . . . . . . . . Total Robot Build Rating . | . . . . . . . . . . . . . . Part Schematics Acquired 12 | . . . . . 2 . . . . . 10 . . Parts Built . | . . . . . . . . . . . . . . Authchips . | . . . . . . . . . . . . . . Time . | . . . . . . . . . . . . . . Total Part Build Rating . | . . . . . . . . . . . . . . Parts Repaired 3 | . 1 . . . . 1 1 . . . . . . Time 99 | . 26 . . . . 38 35 . . . . . . Parts Recycled . | . . . . . . . . . . . . . . Recycled Matter . | . . . . . . . . . . . . . . Retrieved Matter . | . . . . . . . . . . . . . . Retrieved Components 13 | . . . . . 3 10 . . . . . . . Parts Scanalyzed 2 | . . . . . 2 . . . . . . . . Part Schematics Acquired 2 | . . . . . 2 . . . . . . . . Parts Damaged . | . . . . . . . . . . . . . . Bothacking | -11 -10 -10 -10 -9 -8 -7 -7 -6 -6 -6 -6 -5 -5 ------------ Run | Yrd Mat Min Exi Min Mat Fac Sto Fac Low Low Dat Pro Fac Used RIF Installer . | . . . . . . . . . . . . . . Robots Hacked . | . . . . . . . . . . . . . . Non-combat . | . . . . . . . . . . . . . . Combat . | . . . . . . . . . . . . . . Robot Hacks Applied . | . . . . . . . . . . . . . . Relay Couplers Released . | . . . . . . . . . . . . . . Fabnet Peak Effective % . | . . . . . . . . . . . . . . Robots Rewired . | . . . . . . . . . . . . . . Allies Hacked . | . . . . . . . . . . . . . . Hacks Repelled . | . . . . . . . . . . . . . . Allies | -11 -10 -10 -10 -9 -8 -7 -7 -6 -6 -6 -6 -5 -5 -------- Run | Yrd Mat Min Exi Min Mat Fac Sto Fac Low Low Dat Pro Fac Total Allies 2 | . . . . . . . . 2 . . . . . Largest Group 2 | . . . . . . . . 2 . . . . . Highest-Rated Group 62 | . . . . . . . . 62 . . . . . Highest-Rated Ally 31 | . . . . . . . . 31 . . . . . Total Orders . | . . . . . . . . . . . . . . Ally Attacks 5 | . . . . . . . . 5 . . . . . Total Damage 41 | . . . . . . . . 41 . . . . . Kills 1 | . . . . . . . . 1 . . . . . Allies Corrupted . | . . . . . . . . . . . . . . Allies Melted . | . . . . . . . . . . . . . . Intel | -11 -10 -10 -10 -9 -8 -7 -7 -6 -6 -6 -6 -5 -5 ------- Run | Yrd Mat Min Exi Min Mat Fac Sto Fac Low Low Dat Pro Fac Robot Analysis Total 4 | . 3 . . . 1 . . . . . . . . Derelict Logs Recovered 9 | . . 1 . 1 . . . . 1 3 . 3 . Drone Launches . | . . . . . . . . . . . . . . Drone Recoveries . | . . . . . . . . . . . . . . Exploration | -11 -10 -10 -10 -9 -8 -7 -7 -6 -6 -6 -6 -5 -5 ------------- Run | Yrd Mat Min Exi Min Mat Fac Sto Fac Low Low Dat Pro Fac Turns Passed 18646 | 119 1855 1161 972 437 2608 3342 2345 1292 1390 1389 90 1445 201 Spaces Moved 11476 | 29 991 802 810 205 1345 2182 1338 802 1029 1037 76 747 83 Core . | . . . . . . . . . . . . . . Treads . | . . . . . . . . . . . . . . Legs 11476 | 29 991 802 810 205 1345 2182 1338 802 1029 1037 76 747 83 Wheels . | . . . . . . . . . . . . . . Hover . | . . . . . . . . . . . . . . Flight . | . . . . . . . . . . . . . . Fastest Speed 90 | 120 120 120 120 120 113 113 90 90 120 120 120 120 120 Average Speed 121 | 120 120 120 120 120 141 119 110 117 120 120 120 130 120 Slowest Speed 260 | 120 190 120 120 120 260 189 180 190 120 190 120 260 120 Overloaded Moves . | . . . . . . . . . . . . . . Propulsion Burnouts . | . . . . . . . . . . . . . . Robots Hopped . | . . . . . . . . . . . . . . Cave-ins Triggered . | . . . . . . . . . . . . . . Exploration Rate (%) 68 | 3 98 98 92 40 96 56 92 25 99 98 74 81 2 Regions Visited 13 Branch Regions 8 Pre-discovered Areas 7 | . 2 1 . . 3 . . . . . 1 . . Known Exits Taken . | . . . . . . . . . . . . . . Unknown Exits Taken 13 | 1 1 1 1 1 1 1 1 1 1 1 1 1 . Scrap Searched 13 | . . 1 . 1 . . . . 2 5 . 4 . Spaces Dug 85 | . . . . . 25 30 13 4 . 11 . 2 . Terrain Destroyed 470 | . . 33 . . 160 116 92 32 . 12 . 18 7 Melee . | . . . . . . . . . . . . . . Projectile 119 | . . . . . 28 9 37 24 . 3 . 18 . AOE 351 | . . 33 . . 132 107 55 8 . 9 . . 7 Terrain Rammed . | . . . . . . . . . . . . . . Walls Destroyed . | . . . . . . . . . . . . . . Machines Disabled . | . . . . . . . . . . . . . . Actions | -11 -10 -10 -10 -9 -8 -7 -7 -6 -6 -6 -6 -5 -5 --------- Run | Yrd Mat Min Exi Min Mat Fac Sto Fac Low Low Dat Pro Fac Total 15184 | 90 1556 957 811 399 1846 2780 1986 1018 1184 1161 75 1146 175 Wait 2643 | 47 465 112 . 183 296 415 427 73 148 77 . 326 74 Move 11464 | 28 990 801 809 204 1344 2181 1337 802 1028 1036 75 746 83 Hop . | . . . . . . . . . . . . . . Pick Up 68 | 1 13 4 . 6 9 9 2 10 3 7 . 4 . Fast Attach 103 | 2 7 1 . . 20 18 27 16 . 8 . 4 . Attach 19 | . . 2 . . 3 . 2 2 2 . . 5 3 Detach 9 | . . . . . 3 . . 1 . . . 2 3 Swap 154 | . 3 8 1 . 32 42 36 13 1 7 . 9 2 Drop 165 | 1 17 7 1 6 29 34 29 20 2 16 . 2 1 Fire 548 | 11 55 22 . . 110 78 125 80 . 10 . 48 9 Melee . | . . . . . . . . . . . . . . Ram . | . . . . . . . . . . . . . . Kick 8 | . 6 . . . . . 1 1 . . . . . Crush . | . . . . . . . . . . . . . . Escape Stasis 3 | . . . . . . 3 . . . . . . . Rewire . | . . . . . . . . . . . . . . Trap . | . . . . . . . . . . . . . . Miscellaneous . | . . . . . . . . . . . . . . Route ------- -11/Scrapyard -10/Materials (discovered 5 exits: *Mat x3 / [*Min] / Sub) -10/Mines (discovered 4 exits: *Mat x2 / *Exi / Sub) -10/Exiles (discovered 2 exits: *Min x2) -9/Mines -8/Materials (discovered 3 exits: *Fac x3) -7/Factory (discovered 3 exits: *Fac / *Sto / [*Low]) -7/Storage -6/Factory (discovered 3 exits: *Fac / *Low x2) -6/Lower Caves -6/Lower Caves (discovered 2 exits: *Fac / *Dat) -6/Data Miner -5/Proximity Caves -5/Factory (discovered 3 exits: Fac x2 / Upp) History --------- Turn | Location | Event 13 | -11/Scrapyard | Discovered new exit (range 3) 120 | -11/Scrapyard | Entered Materials 311 | -10/Materials | Build established: Mutant 430 | -10/Materials | Discovered new exit (range 6) 626 | -10/Materials | Discovered new exit (range 10) 1015 | -10/Materials | Discovered new exit (range 9) 1173 | -10/Materials | Central database locked down 1400 | -10/Materials | Repaired Beam Cannon 1585 | -10/Materials | Discovered new exit (range 4) 1640 | -10/Materials | Learned Storage security intel 1710 | -10/Materials | Identified exit to Subcaves 1771 | -10/Materials | Learned 4 Recycling zone layouts 1861 | -10/Materials | Learned 4 Recycling zone layouts 1911 | -10/Materials | Learned location of Recycling (-7) 1972 | -10/Materials | Learned location of 2 exits from Mines 1975 | -10/Materials | Entered Mines 1976 | -10/Mines | Identified exit to Materials 1996 | -10/Mines | Learned Materials garrison access intel 2048 | -10/Mines | Met a Derelict bent on vengeance 2176 | -10/Mines | Discovered exit to Materials (range 5) 2251 | -10/Mines | Received a Rocket Launcher from a helpful Derelict 2368 | -10/Mines | Deemed a non-threat by the Exiles lab entrance 2368 | -10/Mines | Discovered new exit (range 5) 2564 | -10/Mines | Learned location of Storage (-7) 3136 | -10/Mines | Entered Exiles 3136 | -10/Exiles | Found Exiles lab abandoned 3579 | -10/Exiles | Discovered new exit (range 14) 3871 | -10/Exiles | Discovered new exit (range 14) 4108 | -10/Exiles | Entered Mines 4118 | -9/Mines | Assembled infested the area 4336 | -9/Mines | Met a Derelict who couldn't figure out how to use a Trap Extractor 4337 | -9/Mines | Core integrity fell below 50% 4383 | -9/Mines | Discovered new exit (range 8) 4400 | -9/Mines | Learned Materials stockpile data 4545 | -9/Mines | Entered Materials 4545 | -8/Materials | Evolved 4 slots: Propulsion x1, Utility x3 4547 | -8/Materials | Loaded intel: 1 garrison access location 6247 | -8/Materials | Discovered new exit (range 4) 6524 | -8/Materials | Discovered new exit (range 4) 6604 | -8/Materials | Learned Factory trap positions 6654 | -8/Materials | Learned Storage terminal intel 6694 | -8/Materials | Learned location of Zion (-7) 6725 | -8/Materials | Learned Factory stockpile data 6745 | -8/Materials | Learned location of Lower Caves (-7) 6753 | -8/Materials | Learned 2 Lower Caves zone layouts 6765 | -8/Materials | Learned Factory scanalyzer intel 6788 | -8/Materials | Learned Factory stockpile data 6820 | -8/Materials | Learned 2 Lower Caves zone layouts 6945 | -8/Materials | First assault squad dispatched 7059 | -8/Materials | Garrison activated, responded to threat 7077 | -8/Materials | Discovered new exit (range 15) 7083 | -8/Materials | Destroyed 8 combat bots 7153 | -8/Materials | Entered Factory 7153 | -7/Factory | Evolved 2 slots: Power x1, Propulsion x1 7154 | -7/Factory | Loaded intel: 105 trap records 7156 | -7/Factory | Loaded intel: 4 scanalyzer locations 7347 | -7/Factory | Discovered new exit (range 16) 8750 | -7/Factory | Discovered new exit (range 3) 8953 | -7/Factory | Build established: Scavenger-Mutant 9024 | -7/Factory | Discovered new exit (range 15) 9926 | -7/Factory | Repaired Imp. Sensor Array? 10352 | -7/Factory | Build established: Mutant 10495 | -7/Factory | Entered Storage 10497 | -7/Storage | Loaded intel: 18 terminal locations 11051 | -7/Storage | Found Prototype Protection 11051 | -7/Storage | Identified Lgt. Regenerative Plating 11593 | -7/Storage | Discovered new exit (range 8) 11695 | -7/Storage | First assault squad dispatched 11821 | -7/Storage | Destroyed 10 combat bots 12213 | -7/Storage | Repaired Cld. Deuterium Engine 12840 | -7/Storage | Entered Factory 12840 | -6/Factory | Evolved 2 slots: Utility x2 12965 | -6/Factory | Discovered new exit (range 15) 13252 | -6/Factory | Discovered new exit (range 22) 13287 | -6/Factory | Garrison activated, responded to threat 13784 | -6/Factory | Allied Derelicts emerged from ambush trap array 13844 | -6/Factory | Discovered new exit (range 21) 13942 | -6/Factory | Build established: Scavenger-Mutant 14008 | -6/Factory | Spotted B-75 Beast 14132 | -6/Factory | Entered Lower Caves 14191 | -6/Lower Caves | Learned 12 Factory zone layouts 14615 | -6/Lower Caves | Learned Extension security intel 14615 | -6/Lower Caves | Learned Extension emergency access door positions 14615 | -6/Lower Caves | Learned Research emergency access door positions 14615 | -6/Lower Caves | Learned 8 Factory zone layouts 15055 | -6/Lower Caves | Discovered new exit (range 8) 15364 | -6/Lower Caves | Encountered a Warlord checkpoint 15522 | -6/Lower Caves | Entered another Lower Caves area 15662 | -6/Lower Caves | Discovered new exit (range 9) 15688 | -6/Lower Caves | Learned Factory emergency access door positions 15833 | -6/Lower Caves | Learned Factory trap positions 16364 | -6/Lower Caves | Encountered a Warlord checkpoint 16701 | -6/Lower Caves | Discovered new exit (range 16) 16858 | -6/Lower Caves | Acquired the password to a Derelict Tinkerer's latest research 16875 | -6/Lower Caves | Found Prototype Special Weapon 16875 | -6/Lower Caves | Identified Molecular Deconstructor 16911 | -6/Lower Caves | Entered Data Miner 16911 | -6/Data Miner | Discovered new exit (range 6) 16927 | -6/Data Miner | Met Data Miner 16956 | -6/Data Miner | Learned location of Section 7 (-2) 16956 | -6/Data Miner | Acquired the access code to Warlord's prototype stash 16975 | -6/Data Miner | Received God Mode back door access code from Data Miner 17001 | -6/Data Miner | Entered Proximity Caves 17003 | -5/Proximity Caves | Ambushed by research squad 17460 | -5/Proximity Caves | Lost 6 parts (2p3n1u) 17742 | -5/Proximity Caves | Learned Factory trap positions 18128 | -5/Proximity Caves | Learned 8 Factory zone layouts 18276 | -5/Proximity Caves | Discovered new exit (range 7) 18327 | -5/Proximity Caves | Learned location of 1 exit from Proximity Caves 18446 | -5/Proximity Caves | Entered Factory 18446 | -5/Factory | Evolved 2 slots: Propulsion x1, Weapon x1 18447 | -5/Factory | Identified exit to Factory 18447 | -5/Factory | Identified exit to Upper Caves 18448 | -5/Factory | Loaded intel: 105 trap records 18647 | -5/Factory | Self-destructed Last Messages --------------- 18537_ O-24 Administrator locks terminal. 18544_ K-01 Serf cleans the Terminal. 18562_ Subcomponent Replicator disabled. 18562_ Penetrated by Slug. 18598_ K-01 Serf collects debris. 18617_ K-01 Serf cleans the Terminal. 18631_ Penetrated by Slug. 18637_ Carbon-fiber Leg destroyed. 18638_ Subcomponent Replicator disabled. 18640_ Penetrated by Slug. 18640_ G-50 Soldier destroyed. 18642_ Penetrated by Slug. 18643_ Arm. Leg destroyed. 18643_ Destroyed Arm. Leg. 18643_ Imp. Sensor Array destroyed. 18643_ Destroyed Imp. Sensor Array. 18645_ Carbon-fiber Leg destroyed. 18645_ Penetrated by Slug. 18645_ Missile Launcher destroyed. 18647_ Flexi-carbon Leg destroyed. Map ----- +----------------------------------------------------+ | ???????# #?# | | ???????# #?# | | ???????# #?# | | ???????# #?# | | ?????######+#############+##### #?# | | ?????# ] #?????? # #?# | | ?????# #?????? """# #?# | | ?????# #?????? """# #?# | | ????## #?????? """# #?# | | ????# #?????? # #?# | | ????## #?????? """# #?## | | ????# #?????? """# #??? | | ????# #?????? """# #### | | ????## #?????? # | | ????# #??????###### | | ????# #???????????# | | ????## #???????????# | | ?????###+######+#######???????# | | ???????# #??############### | | ???????# #?? =#?# | | ?????### """ """t ##? #?# | | ?????#"" " "" #^^ ???????? | | ?????#"T " + ???????? | | ?????#"" # !! ^????????? | | ?????### Y "g # ?!! ???????? | | ?????### @g # ?^?? ???????? | | ?????# # ??????????????? | | ?????# # ??????????????? | | ?????# ##??????????????? | | ?????# ##""T""## #???????????????? | | ?????# ##"""""## ##??????????????? | | ####### ######### #??????????????? | | # # ######### ?????????????? | | # # # + ????????????? | | # + # # ??????????? | | # # # # ##### ?????????? | | # ## ##"" #######?????#????????? | | # ## ##"" #????# ??????????????? | | # ## ##""" #????# ??????????????? | | # ## ##""" #????# ??????????????? | | ######## ##""" #????# ?????+????+???? | | ########+## #????# ??????????????? | | # ## #????# ??????????????? | | # """ ## #????##??????????????? | | # """"" ########+#######??????????????? | | # """"" #^^ ??????????????? | | # +^^ | | # #^^ ### | | # " "" ### ####+####### #?# | | # "R"" #?# # #?### ###?# | +----------------------------------------------------+ Best States ------------- Heat Dissipation 64 Energy Generation 32 Energy Capacity 520 Matter Stores 300 Matter Capacity 300 Sight Range 22 Robot Scan Range 15 Terrain Scan Density 10 Jamming Range 12 Corruption Block 11 Armor Coverage 375 Resistance: TH 15 Utility Shielding 33 Evasion (%) 63 Targeting Accuracy 8 Core Analysis 6 Particle Charging 15 Offensive Hacking 11 Defensive Hacking 12 Item Schematics ----------------- Med. Reflective Plating | -8/Materials | Scanalyzed Hvy. Rocket Launcher | -8/Materials | Scanalyzed Combat Drone Bay | -6/Data Miner | Free Lgt. Regenerative Plating | -6/Data Miner | Free Cld. Nuclear Pulse Thruster | -6/Data Miner | Free Imp. Matter Compressor | -6/Data Miner | Free Neutron Cannon | -6/Data Miner | Free Adv. Medium Treads | -6/Data Miner | Free Point Defense Array | -6/Data Miner | Free Matter Neutralizer | -6/Data Miner | Free Antimatter Reactor | -6/Data Miner | Free Gamma Bomb Array | -6/Data Miner | Free Robot Schematics ------------------ B-48 Gladiator | -6/Data Miner | Free G-50 Soldier | -6/Data Miner | Free S-27 Virus | -6/Data Miner | Free H-66 Slayer | -6/Data Miner | Free Fabricated ------------ Nothing Alien Tech Used ----------------- None Achievements -------------- None Challenges ------------ None Game ------ Seed VortexPulseFalx Manual? 0 Play Time 02:47:01 Cumulative 228.1 hours Start 2024.11.28 @ 09:01:55 End 2024.12.05 @ 10:01:56 Sessions 3 Manual Loads 0 Difficulty Rogue Special Mode None Game No. 145 Rogue 145 Adventurer 0 Explorer 0 Win Type - Total 2 Types 1/0/0/1/0/0/0/0/0 Lore% 72 Gallery% 65 Achievement% 60 Wizard Run 0 Options --------- Layout 0 ASCII 0 Keyboard 0 Movement Mouse Keybinds 0 Fullscreen 1 Font 18/SmallcapsGlow Map View 76x50 Zoom Use 0% Tactical HUD 1 Map Filters NONE Filters NONE Steam 1 RUN: 88c4e091-cfa2-442b-ac85-fbd715f4a1e3